 Seeded DCSS version 0.27-a0-1529-g1e82c303ef (webtiles) character file.

Game seed: 20210711 (custom seed)

30 muata the Sneak (level 3, 0/16 HPs)
             Began as a Spriggan Enchanter on July 11, 2021.
             Succumbed to an adder's poison
             ... on level 2 of the Dungeon.
             The game lasted 00:11:05 (3513 turns).

muata the Sneak (Spriggan Enchanter)                Turns: 3513, Time: 00:11:06

Health: 0/16       AC:  2    Str:  4    XL:     3   Next: 5%
Magic:  7/8        EV: 18    Int: 16    God:
Gold:   41         SH:  0    Dex: 16    Spells: 3/7 levels left

rFire    . . .     SeeInvis +   a - +1 dagger
rCold    . . .     Faith    .   (shield restricted)
rNeg     . . .     Spirit   .   b - +0 robe
rPois    .         Reflect  .   (helmet restricted)
rElec    .         Harm     .   (no cloak)
rCorr    .         Rampage  .   (gloves unavailable)
Will     .....                  (boots unavailable)
Stlth    +++.......             (no amulet)
HPRegen  0.05/turn              (no ring)
MPRegen  0.11/turn              (no ring)

@: lethally poisoned (0 -> -8), very quick
A: very small, no large weapons, unfitting armour, see invisible, speed 3
a: no special abilities


You were on level 2 of the Dungeon.
You visited 1 branch of the dungeon, and saw 2 of its levels.

You collected 41 gold pieces.

Inventory:

Hand Weapons
 a - a +1 dagger (weapon)
 l - a +0 hunting sling
Missiles
 g - 23 stones
Armour
 b - a +0 robe (worn)
Scrolls
 c - a scroll of noise {unknown}
 e - a scroll of identify {unknown}
 i - a scroll of holy word
 j - a scroll of fog {unknown}
 k - a scroll of teleportation
 m - a scroll of magic mapping {unknown}
Potions
 d - 3 potions of curing {unknown}
 f - a potion of haste {unknown}
 h - 2 potions of attraction {unknown}
 n - a potion of resistance {unknown}


   Skills:
 - Level 1.1 Short Blades
 + Level 3.9 Dodging
 + Level 5.5 Stealth
 - Level 2.6 Spellcasting
 - Level 3.6 Hexes


You had 3 spell levels left.
You knew the following spells:

 Your Spells              Type           Power      Damage    Failure   Level
a - Corona                Hex            14%        N/A       4%          1
b - Tukima's Dance        Hex            13%        N/A       13%         3

Your spell library contained the following spells:

 Spells                   Type           Power      Damage    Failure   Level
 Confusing Touch          Hex            13%        N/A       13%         3
 Ensorcelled Hibernation  Hex/Ice        14%        N/A       14%         2
 Animate Skeleton         Necr           4%         N/A       19%         1
 Pain                     Necr           8%         1d4       19%         1
 Dazzling Flash           Conj/Hex       14%        N/A       28%         3
 Vampiric Draining        Necr           1%         2d6       50%         3


Dungeon Overview and Level Annotations

Branches:
Dungeon (2/15)

Altars:


Innate Abilities, Weirdness & Mutations

You are very small and have problems with some larger weapons.
You are too small for most types of armour.
You have supernaturally acute eyesight. (SInv)
You cover ground extremely quickly. (Speed+++)


Message History

The adder closely misses you. The adder misses you.
You hit the adder.
The adder is heavily wounded.
The adder closely misses you.
You hit the adder.
The adder is severely wounded.
The adder closely misses you.
You completely miss the adder.
The adder is severely wounded.
The adder bites you. The adder barely misses you.
You closely miss the adder.
The adder is severely wounded.
The adder bites you.
You barely miss the adder.
The adder is severely wounded.
The adder barely misses you.
The adder stops glowing.
There is a stone staircase leading up here.
Casting: Corona (safe; 4% risk of failure)
Confirm with . or Enter, or press ? or * to list all spells.
Aiming: Corona (safe; 4% risk of failure)
Press: ? - help, Shift-Dir - straight line, f/p - adder
Aim: an adder (heavily wounded, chance to affect: 58%)
The adder is outlined in light.
The adder bites you.
You are poisoned.
The adder poisons you!
You hit the adder.
The adder is severely wounded.
You feel sick. The adder bites you.
You hit the adder.
The adder is almost dead.
* * * LOW HITPOINT WARNING * * *
You feel sick. The adder bites you.
* * * LOW HITPOINT WARNING * * *
You are more poisoned.
The adder poisons you!
* * * LOW HITPOINT WARNING * * *
You feel sick.
You die...

#.##########.#######.#####
#.# ####...<.......... #.#
#...S..^.######### #.#
#.######.# #.# #.# #.# #†#
#.# #.######### #.# #S#
#.......... #.# #.#
##########. #.# #@# #. #.#
#.# #. #.# #.# ####### #.
.######.#######.####.....#
#.
.....................###.##
#. ####################.#
#..# ## #.###.>######
#............ ######.######


You could see an adder (corona).

Vanquished Creatures
  A worm (D:2)
  3 dart slugs
  2 ball pythons (D:1)
  3 endoplasms
  A goblin (D:2)
  A hobgoblin (D:1)
  4 kobolds
  A quokka (D:2)
  3 frilled lizards
  3 rats
22 creatures vanquished.

Notes
Turn   | Place    | Note
-------+----------+-------------------------------------------
     0 | D:1      | muata the Spriggan Enchanter began the quest for the Orb.
     0 | D:1      | Reached XP level 1. HP: 9/9 MP: 5/5
   749 | D:1      | Found a faded altar of an unknown god.
   759 | D:1      | Noticed a floating eye
   997 | D:1      | Noticed a golden eye
   997 | D:1      | Noticed a floating eye
   997 | D:1      | Noticed a floating eye
  1048 | D:1      | Reached XP level 2. HP: 4/13 MP: 4/6
  1388 | D:1      | Reached skill level 5 in Stealth
  3020 | D:2      | Reached XP level 3. HP: 16/16 MP: 5/8
  3079 | D:1      | Learned a level 3 spell: Tukima's Dance
  3513 | D:2      | Succumbed to an adder's poison

Illustrated notes

Levels and vault maps discovered:
D:1:      amcnicky_arrival_choice, layout_basic,
          hellmonk_ecumenical_altar_watching_god
D:2:      layout_loops_ring, dk_vineyard_1

Skill      XL: |  1  2 |
---------------+-------+-----
Dodging        | 3 |  3.9
Stealth        | 5 |  5.5
Short Blades   | |  1.1
Spellcasting   | |  2.6
Hexes          | |  3.6

Action                   || total
-------------------------++-------
Melee: Dagger            ||   131
 Fire: Hunting sling     ||    13
 Cast: Corona            ||    37
  Use: Scroll            ||     2
 Stab: Sleeping          ||     3
       Distracted        ||     1
Armor: Robe              ||     3
Dodge: Dodged            ||    78

Table legend: (Time is in decaauts)
 A = Elapsed time spent in this place.
 B = Non-inter-level travel time spent in this place.
 C = Inter-level travel time spent in this place.
 D = Time resting spent in this place.
 E = Time spent auto-exploring this place.
 F = Levels seen in this place.
 G = Mean time per level.
                   A        B        C        D        E       F      G
               +--------+--------+--------+--------+--------+-----+--------+
         Total |   2817 |   2685 |    132 |   1298 |    697 |   2 | 1408.5 |
       Dungeon |   2817 |   2685 |    132 |   1298 |    697 |   2 | 1408.5 |
               +--------+--------+--------+--------+--------+-----+--------+

Top non-repeatable levels by time:
     D:1: 2070 daAuts
     D:2: 747 daAuts
